 Dungeon Crawl Stone Soup version bcrawl-1.12-10-g10a67aac0f (webtiles) character file.

Game seed: 18407522826252452361

9 MisterOstroum the Sneak (level 2, -2/19 HPs)
             Began as a Vampire Rogue on June 12, 2019.
             Slain by a leopard gecko (4 damage)
             ... on level 1 of the Dungeon.
             The game lasted 00:00:39 (206 turns).

MisterOstroum the Sneak (Vampire Rogue)              Turns: 206, Time: 00:00:40

Health: -2/19      AC:  3    Str: 14    XL:     2   Next: 3%
Magic:  3/3        EV: 11    Int: 11    God:
Gold:   138        SH:  0    Dex: 14    Spells: 1/1 levels left

rFire    . . .     SeeInvis +   a - +2 dagger
rCold    . . .     Gourm    .   (no shield)
rNeg     + . .     Faith    .   c - +0 robe
rPois    .         Spirit   .   (no helmet)
rElec    .         Reflect  .   d - +0 cloak
rCorr    .         Harm     .   (no gloves)
MR       .....                  (no boots)
Stlth    ++++......             (no amulet)
HPRegen  0.06/turn              (no ring)
MPRegen  0.08/turn              (no ring)

@: no status effects
A: claws 1, fangs 3, see invisible, unbreathing
a: no special abilities


You were on level 1 of the Dungeon.
You were not thirsty.

You visited 1 branch of the dungeon, and saw 1 of its levels.

You collected 138 gold pieces.

Inventory:

Hand Weapons
 a - a +2 dagger (weapon)
 b - a +0 blowgun
 j - a +0 short sword
Missiles
 e - 80 poisoned needles
Armour
 c - a +0 robe (worn)
 d - a +0 cloak (worn)
Wands
 f - a wand of flame (15)
 g - a wand of enslavement (15)
Scrolls
 i - a scroll of amnesia {unknown}
Potions
 h - 2 potions of blood


   Skills:
 + Level 3.4 Short Blades
 - Level 1.5 Throwing
 - Level 6.4 Stealth
 - Level 2.0 Evocations


You had one spell level left.
You didn't know any spells.
Your spell library was empty.

Dungeon Overview and Level Annotations

Branches:
Dungeon (1/12)

Altars:


Innate Abilities, Weirdness & Mutations

You have sharp fingernails.
You have razor-sharp teeth.
You have supernaturally acute eyesight. (SInv)
You can survive without breathing.


Message History

The helpless rat fails to defend itself.
You impale the rat!!
You kill the rat!
No target in view!
No target in view!
No target in view!
No target in view!
No target in view!
No target in view!
No target in view!
No target in view!
No target in view!
No target in view!
No target in view!
You bottle the corpse's blood.
h - 2 potions of blood (gained 1)
A goblin comes into view. It is wielding a +0 dagger.
A goblin is nearby!
A goblin is nearby!
A bat and a hobgoblin come into view.
The hobgoblin shouts!
The goblin shouts!
The bat moves out of view.
Found a ration, a scroll labeled ESMIMN DETWEOCSI and a spear.
The goblin hits you with a +0 dagger.
A rat comes into view.
You hit the goblin.
You kill the goblin!
You hit the bat.
The bat is heavily wounded.
The bat hits you but does no damage.
You hit the bat.
The bat is severely wounded.
The bat barely misses you.
You closely miss the bat.
The bat is severely wounded.
The bat hits you but does no damage.
A goblin comes into view. It is wielding a +0 club.
You hit the hobgoblin. Your bite misses the hobgoblin.
The hobgoblin is severely wounded.
The bat barely misses you. The hobgoblin barely misses you.
You hit the hobgoblin but do no damage. Your bite misses the hobgoblin.
The hobgoblin is severely wounded.
The bat closely misses you. The hobgoblin closely misses you.
You hit the hobgoblin.
You kill the hobgoblin!
Your Short Blades skill increases to level 3!
The bat barely misses you.
You hit the bat.
You kill the bat!
A goblin comes into view.
The goblin shouts!
You hit the rat.
You kill the rat!
Things that are here:
a rat corpse; a bat corpse A leopard gecko comes into view.
You hit the goblin.
You kill the goblin!
The goblin hits you but does no damage.
You miss the goblin. You bite the goblin.
The goblin is severely wounded.
The goblin barely misses you.
You hit the goblin.
You kill the goblin!
You have reached level 2!
A hobgoblin comes into view. It is wielding a +0 club.
The leopard gecko bites you but does no damage.
The hobgoblin shouts!
Found a stone staircase leading down.
You hit the leopard gecko.
The leopard gecko is moderately wounded.
You hear an angry hiss.
The leopard gecko barely misses you. The hobgoblin hits you with a +0 club.
You hit the leopard gecko but do no damage.
The leopard gecko is moderately wounded.
The leopard gecko bites you but does no damage.
You hit the leopard gecko.
The leopard gecko is heavily wounded.
The hobgoblin hits you with a +0 club. The leopard gecko bites you.
You are too injured to fight recklessly!
You are too injured to fight recklessly!
You are too injured to fight recklessly!
You are too injured to fight recklessly!
A leopard gecko comes into view.
Things that are here:
a rat corpse; a bat corpse The leopard gecko barely misses you.
The leopard gecko bites you. The leopard gecko bites you.
The leopard gecko misses you.
You miss the leopard gecko. Your bite misses the leopard gecko.
The leopard gecko bites you.
* * * LOW HITPOINT WARNING * * *
You miss the leopard gecko. The leopard gecko bites you.
* * * LOW HITPOINT WARNING * * *
The leopard gecko hisses menacingly.
The leopard gecko barely misses you.
There is a stone staircase leading down here.
The leopard gecko bites you.
You die...

#.######..#
#...#≈...≈# ..
#......#.##
#...#≈...≈# ..
######...# #...#≈...≈#
##..# ###g#.##...##
#..# #...####...#
#..###g### #8.8#
##..##..## ####.##
#.......l##...#.#
##.#.####l@..###'#
.....####..####..#####
......................
#.##PPPPP....##.#####.
#P...P.##....#
#......####..#
#P...P## ..#


#PPPPP# #..# #...### .# You could see 2 leopard geckos and a hobgoblin.

Vanquished Creatures
  A bat (D:1)
  4 goblins (D:1)
  A hobgoblin (D:1)
  A kobold (D:1)
  2 rats (D:1)
  2 toadstools (D:1)
11 creatures vanquished.

Notes
Turn   | Place    | Note
-------+----------+-------------------------------------------
     0 | D:1      | MisterOstroum the Vampire Rogue began the quest for the
                  | Orb.
     0 | D:1      | Reached XP level 1. HP: 13/13 MP: 2/2
   156 | D:1      | Reached XP level 2. HP: 16/19 MP: 3/3
   206 | D:1      | Slain by a leopard gecko

Skill      XL: |  1 |
---------------+----+-----
Short Blades   | 3 |  3.4
Throwing       | |  1.5
Stealth        | |  6.4
Evocations     | |  2.0

Action                   || total
-------------------------++-------
Melee: Dagger            ||    26
       Bite              ||     2
 Stab: Sleeping          ||     1
Armor: Robe              ||     7
Dodge: Dodged            ||    16
